 Dungeon Crawl Stone Soup version 0.30.1-11-g7821555f0a (webtiles) character file.

Game seed: 10719872269004057447

290 safid the Conjurer (level 6, -2/38 HPs)
             Began as a Gargoyle Reaver on Dec 11, 2023.
             Killed by nerve-wracking pain
             ... invoked by an orc priest
              (4 damage)
             ... on level 3 of the Dungeon.
             The game lasted 00:03:32 (2119 turns).

safid the Conjurer (Gargoyle Reaver)                Turns: 2119, Time: 00:03:33

Health: -2/38      AC: 15    Str: 18    XL:     6   Next: 32%
Magic:  11/11      EV:  5    Int: 15    God:
Gold:   176        SH:  0    Dex:  8    Spells: 10/11 levels left

rFire   . . .        o - +6 whip of the Extremes {heavy, Int+2}
rCold   . . .        (no shield)
rNeg    + . .        m - +0 plate armour
rPois   ∞            (no helmet)
rElec   +            (no cloak)
rCorr   .            (no gloves)
SInv    .            (no boots)
Will    .....        k - amulet of magic regeneration Stlth
                     (no ring)
HPRegen 0.26/turn    (no ring)
MPRegen 0.52/turn

%: no passive effects
@: no status effects
A: sickness immunity, AC +4, negative energy resistance 1, electricity
resistance, torment resistance 1, petrification resistance
a: no special abilities


You were on level 3 of the Dungeon.
You visited 1 branch of the dungeon, and saw 3 of its levels.

You collected 176 gold pieces.

Inventory:

Hand Weapons
 o - the +6 whip of the Extremes (weapon) {heavy, Int+2}
   (You found it on level 3 of the Dungeon)

   Int:       It affects your intelligence (+2).
Armour
 m - a +0 plate armour (worn)
Jewellery
 k - an amulet of magic regeneration (around neck)
Scrolls
 b - 2 scrolls of blinking {unknown}
 h - a scroll of enchant weapon {unknown}
 i - a scroll of enchant armour {unknown}
 j - 5 scrolls of identify {unknown}
Potions
 a - a potion of haste {unknown}
 c - a potion of mutation {unknown}
 d - 5 potions of curing
 e - 2 potions of degeneration {unknown}
 f - a potion of resistance {unknown}
 g - a potion of flight {unknown}
 l - a potion of brilliance {unknown}
 n - a potion of cancellation {unknown}


   Skills:
 + Level 4.0 Fighting
 - Level 3.0 Maces & Flails
 + Level 2.8 Armour
 - Level 1.5 Dodging
 + Level 3.4 Spellcasting
 + Level 4.8 Conjurations


You had 10 spell levels left.
You knew the following spells:

 Your Spells              Type           Power      Damage    Failure   Level
a - Kiss of Death         Conj/Necr      36%        2d8       96%         1

Your spell library contained the following spells:

 Spells                   Type           Power      Damage    Failure   Level
 Momentum Strike          Conj/Tloc      18%        3d8       99%         2
 Hailstorm                Conj/Ice       9%         3d4       100%        3


Dungeon Overview and Level Annotations

Branches:
Dungeon (3/15)

Altars:

Annotations:
D:3 Grinder, Jessica


Innate Abilities, Weirdness & Mutations

You are immune to sickness and miasma.
Your stone body is resilient. (AC +4)
You are immune to poison.
You resist negative energy. (rN+)
You are resistant to electric shocks. (rElec)
You are resistant to unholy torment.
You are immune to petrification.


Message History

You barely resist.
The orc priest calls down the wrath of Beogh upon you.
Beogh smites you!
You are too injured to fight recklessly!
You are too injured to fight recklessly!
You are too injured to fight recklessly!
You are too injured to fight recklessly!
You are too injured to fight recklessly!
You are too injured to fight recklessly!
You are too injured to fight recklessly!
You are too injured to fight recklessly!
You are too injured to fight recklessly!
You are too injured to fight recklessly!
You are too injured to fight recklessly!
You are too injured to fight recklessly!
You are too injured to fight recklessly!
You are too injured to fight recklessly!
You are too injured to fight recklessly!
You are too injured to fight recklessly!
Unknown command.
Found a lumpy green potion.
Jessica mumbles something strange.
Jessica casts a spell at you. Pain shoots through your body!
The orc priest barely misses you.
Items here: )) [ ††.
You whack the orc priest!
The orc priest is severely wounded.
Jessica casts a spell.
Jessica blinks!
The orc priest calls down the wrath of Beogh upon you.
Beogh smites you!
* * * LOW HITPOINT WARNING * * *
You completely miss the orc priest.
The orc priest is severely wounded.
Jessica mumbles something strange.
The orc priest hits you with a +0 club.
* * * LOW HITPOINT WARNING * * *
The orc priest mumbles some strange prayers to Beogh against you.
Pain shoots through your body!
You die...

#.###..### .# . #.#
#..####.#.# ### #.#
#..##.#.#.## ..!
#.###...<....... .)#
####...........# ...#
.........##....# #...#
############.#...#.§..
# #.####..#....
#...)@o.@..#
######.###.# .# .# .#
.# .# .#


You could see an orc priest and Jessica.

Vanquished Creatures
  Sigmund (D:2)
  Terence (D:2)
  4 adders
  A white imp (D:3)
  A worm (D:3)
  A dart slug (D:1)
  4 orcs (D:3)
  5 ball pythons
  3 bats
  3 endoplasms
  2 goblins (D:1)
  4 hobgoblins
  A quokka (D:2)
  3 frilled lizards
  10 kobolds
  8 rats
52 creatures vanquished.

Notes
Turn   | Place    | Note
-------+----------+-------------------------------------------
     0 | D:1      | safid the Gargoyle Reaver began the quest for the Orb.
     0 | D:1      | Reached XP level 1. HP: 12/12 MP: 3/3
   245 | D:1      | Reached XP level 2. HP: 17/18 MP: 5/5
  1016 | D:2      | Noticed Sigmund
  1029 | D:2      | Reached XP level 3. HP: 22/22 MP: 6/6
  1040 | D:2      | Killed Sigmund
  1041 | D:2      | Reached XP level 4. HP: 29/29 MP: 6/8
  1041 | D:2      | Reached XP level 5. HP: 33/33 MP: 6/9
  1519 | D:2      | Noticed Terence
  1539 | D:2      | Killed Terence
  1540 | D:2      | Reached XP level 6. HP: 15/38 MP: 9/11
  1966 | D:3      | Identified the +6 whip of the Extremes {heavy, Int+2}
  1974 | D:3      | Noticed Grinder
  1979 | D:3      | Paralysed by Grinder for 5 turns
  2105 | D:3      | Noticed Jessica
  2119 | D:3      | Killed from afar by an orc priest

Illustrated notes

Levels and vault maps discovered:
D:1:      erik_arrival_blinker_ship, layout_basic, minmay_tetromino_i2
D:2:      layout_loops_ring, uniq_sigmund, uniq_terence
D:3:      layout_loops_ring, hellmonk_ecumenical_altar_watching_god,
          minmay_close_crescents, uniq_grinder, uniq_jessica

Skill      XL: |  1  2  3  4  5  6 |
---------------+-------------------+-----
Fighting       | 3 4 |  4.0
Armour         | 2 |  2.8
Spellcasting   | 3 |  3.4
Conjurations   | 4 |  4.8
Maces & Flails | |  3.0
Dodging        | |  1.5

Action                     |  1- 3 |  4- 6 || total
---------------------------+-------+-------++-------
  Melee: Mace              |    24 |       ||    24
         Punch             |     1 |     2 ||     3
         Dagger            |    28 |   110 ||   138
         Whip              |       |    12 ||    12
         Unarmed           |       |     1 ||     1
    Use: Potion            |       |     1 ||     1
 Armour: Leather armour    |    14 |       ||    14
         Chain mail        |    12 |    54 ||    66
         Plate armour      |       |    59 ||    59
  Dodge: Dodged            |    23 |    58 ||    81
